| TOP OF THE 1ST |
|
Grand Junction Rockies batting - Pitching for Johnson City Cardinals : RHP Emmanuel Godfrey
|
|
Pitching: RHP Emmanuel Godfrey
|
|
|
Batting: LHB Georges Lambert
|
0-0: Ball 1-0: Ball 2-0: Ground out 5-3 (Groundball, 56, EV 84.4 MPH)
|
|
Batting: SHB Justin Jackson
|
0-0: Swinging Strike 0-1: Ball 1-1: SINGLE (Line Drive, 8RS, EV 92.5 MPH)
|
|
Batting: RHB Dan Hoffman
|
0-0: Fielders Choice at 2nd, 5-4 (Groundball, 5, EV 77.5 MPH)
|
|
Batting: LHB Tom Bemis
|
0-0: Swinging Strike 0-1: Called Strike 0-2: Strikes out swinging
|
| Top of the 1st over - 0 runs, 1 hit, 0 errors, 1 left on base; Grand Junction 0 - Johnson City 0 |
| BOTTOM OF THE 1ST |
|
Johnson City Cardinals batting - Pitching for Grand Junction Rockies : RHP Kevin LeRette
|
|
Pitching: RHP Kevin LeRette
|
|
|
Batting: RHB Mario Carbajal
|
0-0: Ball 1-0: Ball 2-0: Foul Ball, location: 2F 2-1: Ball 3-1: Base on Balls
|
|
Batting: SHB J.T. Ready
|
0-0: Ball 1-0: Called Strike 1-1: Ball Mario Carbajal is caught stealing 2nd base 2-6 2-1: Ball 3-1: Foul Ball, location: 2F 3-2: Base on Balls
|
|
Batting: RHB Arnold Schuler
|
0-0: Called Strike 0-1: Ball 1-1: Ball 2-1: Ball 3-1: Swinging Strike 3-2: Base on Balls J.T. Ready to second
|
|
Batting: RHB Matt McGuire
|
0-0: Ball J.T. Ready steals 3rd base 1-0: Reached on error, E5 (Groundball, 56S, EV 83.1 MPH) J.T. Ready scores Arnold Schuler to second
|
|
Batting: LHB Pete Mitchell
|
0-0: Ball 1-0: Foul Ball, location: 2F 1-1: Foul Ball, location: 2F 1-2: Foul Ball, location: 2F 1-2: Fielders Choice at 2nd, 3-6 (Groundball, 34S, EV 91.2 MPH) Arnold Schuler to third
|
|
Batting: RHB Diego Herrera
|
0-0: Ball 1-0: Ball 2-0: Foul Ball, location: 2F 2-1: Fielders Choice at 2nd, 5-4 (Groundball, 5L, EV 77.5 MPH)
|
| Bottom of the 1st over - 1 run, 0 hits, 1 error, 2 left on base; Grand Junction 0 - Johnson City 1 |
| TOP OF THE 2ND |
|
Grand Junction Rockies batting - Pitching for Johnson City Cardinals : RHP Emmanuel Godfrey
|
|
Batting: RHB Ryan Ward
|
0-0: Foul Ball, location: 2F 0-1: Called Strike 0-2: Ground out 4-3 (Groundball, 4M, EV 99.4 MPH)
|
|
Batting: RHB Edwin Bejarano
|
0-0: Ball 1-0: Foul Ball, location: 2F 1-1: Foul Ball, location: 2F 1-2: Ground out 6-3 (Groundball, 6MS, EV 79.4 MPH)
|
|
Batting: SHB J.D. Newman
|
0-0: Ball 1-0: Ball 2-0: Ball 3-0: Called Strike 3-1: Called Strike 3-2: Ground out 6-3 (Groundball, 6, EV 110.0 MPH)
|
| Top of the 2nd over - 0 runs, 0 hits, 0 errors, 0 left on base; Grand Junction 0 - Johnson City 1 |
| BOTTOM OF THE 2ND |
|
Johnson City Cardinals batting - Pitching for Grand Junction Rockies : RHP Kevin LeRette
|
|
Batting: RHB Dan Wages
|
0-0: Ball 1-0: Called Strike 1-1: Ball 2-1: Foul Ball, location: 2F 2-2: Fly out, F8 (Line Drive, 78M, EV 102.5 MPH)
|
|
Batting: SHB Felipe Campanella
|
0-0: Swinging Strike 0-1: Called Strike 0-2: Ball 1-2: Ground out 4-3 (Groundball, 4M, EV 87.5 MPH)
|
|
Batting: RHB Seung-kab Park
|
0-0: Called Strike 0-1: Swinging Strike 0-2: Ball 1-2: Ball 2-2: Ball 3-2: Ground out 1-3 (Groundball, 34S, EV 75.0 MPH)
|
| Bottom of the 2nd over - 0 runs, 0 hits, 0 errors, 0 left on base; Grand Junction 0 - Johnson City 1 |
| TOP OF THE 3RD |
|
Grand Junction Rockies batting - Pitching for Johnson City Cardinals : RHP Emmanuel Godfrey
|
|
Batting: RHB Xavier Williams
|
0-0: Fly out, F9 (Flyball, 89D, EV 92.5 MPH)
|
|
Batting: RHB Tom Gentry
|
0-0: Reached on error, E6 (Groundball, 6S, EV 72.5 MPH)
|
|
Batting: LHB Georges Lambert
|
0-0: Ball Passed Ball! Tom Gentry to second 1-0: Ball 2-0: Foul Ball, location: 2F 2-1: Ground out 6-3 (Groundball, 6, EV 105.6 MPH)
|
|
Batting: SHB Justin Jackson
|
0-0: Ball 1-0: Foul Ball, location: 2F 1-1: Ball 2-1: Ball 3-1: Called Strike 3-2: Foul Ball, location: 2F 3-2: Fly out, F9 (Flyball, 89S, EV 86.9 MPH)
|
| Top of the 3rd over - 0 runs, 0 hits, 1 error, 1 left on base; Grand Junction 0 - Johnson City 1 |
| BOTTOM OF THE 3RD |
|
Johnson City Cardinals batting - Pitching for Grand Junction Rockies : RHP Kevin LeRette
|
|
Batting: RHB Mario Carbajal
|
0-0: Called Strike 0-1: Ball 1-1: Ball 2-1: Swinging Strike 2-2: Strikes out swinging
|
|
Batting: SHB J.T. Ready
|
0-0: Foul Ball, location: 2F 0-1: Swinging Strike 0-2: Ball 1-2: Ball 2-2: Ball 3-2: SINGLE (Groundball, 6MS, EV 73.1 MPH) (infield hit)
|
|
Batting: RHB Arnold Schuler
|
0-0: Called Strike 0-1: Ball 1-1: Ball J.T. Ready is caught stealing 2nd base 2-4 2-1: Ball 3-1: Called Strike 3-2: Base on Balls
|
|
Batting: RHB Matt McGuire
|
0-0: Ball 1-0: Ball 2-0: Ground out 4-3 (Groundball, 34, EV 88.1 MPH)
|
| Bottom of the 3rd over - 0 runs, 1 hit, 0 errors, 1 left on base; Grand Junction 0 - Johnson City 1 |
| TOP OF THE 4TH |
|
Grand Junction Rockies batting - Pitching for Johnson City Cardinals : RHP Emmanuel Godfrey
|
|
Batting: RHB Dan Hoffman
|
0-0: Swinging Strike 0-1: Ball 1-1: Called Strike 1-2: Ball 2-2: Ball 3-2: Fly out, F9 (Flyball, 89S, EV 73.8 MPH)
|
|
Batting: LHB Tom Bemis
|
0-0: Called Strike 0-1: Foul Ball, location: 2F 0-2: Foul Ball, location: 2F 0-2: Foul Ball, location: 2F 0-2: Ball 1-2: Strikes out swinging
|
|
Batting: RHB Ryan Ward
|
0-0: Ball 1-0: Ball 2-0: Ball 3-0: Called Strike 3-1: Foul Ball, location: 2F 3-2: Ground out 6-3 (Groundball, 6, EV 85.6 MPH)
|
| Top of the 4th over - 0 runs, 0 hits, 0 errors, 0 left on base; Grand Junction 0 - Johnson City 1 |
| BOTTOM OF THE 4TH |
|
Johnson City Cardinals batting - Pitching for Grand Junction Rockies : RHP Kevin LeRette
|
|
Batting: LHB Pete Mitchell
|
0-0: Ball 1-0: Ball 2-0: Called Strike 2-1: Ball 3-1: Ground out 6-3 (Groundball, 6M, EV 106.2 MPH)
|
|
Batting: RHB Diego Herrera
|
0-0: Ball 1-0: Ball 2-0: Called Strike 2-1: Ball 3-1: Called Strike 3-2: Foul Ball, location: 2F 3-2: Foul Ball, location: 2F 3-2: Foul Ball, location: 2F 3-2: Base on Balls
|
|
Batting: RHB Dan Wages
|
0-0: Ball 1-0: Ball 2-0: Fly out, F9 (Flyball, 89S, EV 83.1 MPH)
|
|
Batting: SHB Felipe Campanella
|
0-0: Ball Diego Herrera steals 2nd base 1-0: Ball 2-0: Foul Ball, location: 2F 2-1: Foul Ball, location: 2F 2-2: Ground out 2-3 (Groundball, 15S, EV 69.4 MPH)
|
| Bottom of the 4th over - 0 runs, 0 hits, 0 errors, 1 left on base; Grand Junction 0 - Johnson City 1 |
| TOP OF THE 5TH |
|
Grand Junction Rockies batting - Pitching for Johnson City Cardinals : RHP Emmanuel Godfrey
|
|
Batting: RHB Edwin Bejarano
|
0-0: Called Strike 0-1: Foul Ball, location: 2F 0-2: Strikes out swinging
|
|
Batting: SHB J.D. Newman
|
0-0: Swinging Strike 0-1: Foul Ball, location: 2F 0-2: Strikes out swinging
|
|
Batting: RHB Xavier Williams
|
0-0: Ground out 3-1 (Groundball, 34, EV 81.2 MPH)
|
| Top of the 5th over - 0 runs, 0 hits, 0 errors, 0 left on base; Grand Junction 0 - Johnson City 1 |
| BOTTOM OF THE 5TH |
|
Johnson City Cardinals batting - Pitching for Grand Junction Rockies : RHP Kevin LeRette
|
|
Batting: RHB Seung-kab Park
|
0-0: Ball 1-0: Called Strike 1-1: Called Strike 1-2: Ball 2-2: SINGLE (Line Drive, 78S, EV 96.9 MPH)
|
|
Batting: RHB Mario Carbajal
|
0-0: Called Strike 0-1: Ball 1-1: Ball 2-1: Ball 3-1: Base on Balls Seung-kab Park to second
|
|
Pitching: RHP Julio Marquez
|
|
|
Batting: SHB J.T. Ready
|
0-0: Ball 1-0: Ball 2-0: Ball 3-0: Base on Balls Seung-kab Park to third Mario Carbajal to second
|
|
Batting: RHB Arnold Schuler
|
0-0: Called Strike 0-1: Ball 1-1: Ball 2-1: Swinging Strike 2-2: SINGLE (Groundball, 6MD, EV 107.5 MPH) Seung-kab Park scores Mario Carbajal to third J.T. Ready to second
|
|
Batting: RHB Matt McGuire
|
0-0: Swinging Strike 0-1: Foul Ball, location: 2F 0-2: Ball 1-2: Ball 2-2: Foul Ball, location: 2F 2-2: Fly out, F8 (Flyball, 89M, EV 81.2 MPH) Runner from 3rd tags up, OUT at HOME! 8-2 J.T. Ready to third Arnold Schuler to second
|
|
Batting: LHB Pete Mitchell
|
0-0: Ball 1-0: Ball 2-0: Ground out 5-3 (Groundball, 56, EV 77.5 MPH)
|
| Bottom of the 5th over - 1 run, 2 hits, 0 errors, 2 left on base; Grand Junction 0 - Johnson City 2 |
| TOP OF THE 6TH |
|
Grand Junction Rockies batting - Pitching for Johnson City Cardinals : RHP Emmanuel Godfrey
|
|
Batting: RHB Tom Gentry
|
0-0: Swinging Strike 0-1: Swinging Strike 0-2: Strikes out swinging
|
|
Batting: LHB Georges Lambert
|
0-0: Ball 1-0: Ground out 6-3 (Groundball, 6S, EV 63.1 MPH)
|
|
Batting: SHB Justin Jackson
|
0-0: Called Strike 0-1: Ball 1-1: Fly out, F7 (Line Drive, 7, EV 98.1 MPH)
|
| Top of the 6th over - 0 runs, 0 hits, 0 errors, 0 left on base; Grand Junction 0 - Johnson City 2 |
| BOTTOM OF THE 6TH |
|
Johnson City Cardinals batting - Pitching for Grand Junction Rockies : RHP Julio Marquez
|
|
Batting: RHB Diego Herrera
|
0-0: Ball 1-0: Ball 2-0: Called Strike 2-1: SINGLE (Line Drive, 34D, EV 97.5 MPH)
|
|
Batting: RHB Dan Wages
|
0-0: Swinging Strike 0-1: Called Strike 0-2: Strikes out swinging Diego Herrera is caught stealing 2nd base 2-4 Batter strikes out.
|
|
Batting: SHB Felipe Campanella
|
0-0: Ball 1-0: Called Strike 1-1: Ball 2-1: Swinging Strike 2-2: Strikes out looking
|
| Bottom of the 6th over - 0 runs, 1 hit, 0 errors, 0 left on base; Grand Junction 0 - Johnson City 2 |
| TOP OF THE 7TH |
|
Grand Junction Rockies batting - Pitching for Johnson City Cardinals : RHP Emmanuel Godfrey
|
|
Batting: RHB Dan Hoffman
|
0-0: TRIPLE (Flyball, 89XD, EV 109.4 MPH)
|
|
Batting: LHB Tom Bemis
|
0-0: Ball 1-0: Called Strike 1-1: Foul Ball, location: 2F 1-2: Strikes out swinging
|
|
Batting: RHB Ryan Ward
|
0-0: Swinging Strike 0-1: Foul Ball, location: 2F 0-2: Ball 1-2: Foul Ball, location: 2F 1-2: Ball 2-2: Ground out 5-3 (Groundball, 5, EV 83.1 MPH)
|
|
Batting: RHB Edwin Bejarano
|
0-0: Ball 1-0: Ball 2-0: Called Strike 2-1: Foul Ball, location: 2F 2-2: Ball 3-2: Base on Balls
|
|
Batting: SHB J.D. Newman
|
0-0: Ball 1-0: Ball 2-0: Ball 3-0: Called Strike 3-1: Ground out U3 (Groundball, 3L, EV 95.6 MPH)
|
| Top of the 7th over - 0 runs, 1 hit, 0 errors, 2 left on base; Grand Junction 0 - Johnson City 2 |
| BOTTOM OF THE 7TH |
|
Johnson City Cardinals batting - Pitching for Grand Junction Rockies : RHP Julio Marquez
|
|
Batting: RHB Seung-kab Park
|
0-0: Swinging Strike 0-1: Foul Ball, location: 2F 0-2: Strikes out swinging
|
|
Batting: RHB Mario Carbajal
|
0-0: Fly out, F8 (Flyball, 8LXD, EV 109.4 MPH)
|
|
Batting: SHB J.T. Ready
|
0-0: Called Strike 0-1: Foul Ball, location: 2F 0-2: Strikes out looking
|
| Bottom of the 7th over - 0 runs, 0 hits, 0 errors, 0 left on base; Grand Junction 0 - Johnson City 2 |
| TOP OF THE 8TH |
|
Grand Junction Rockies batting - Pitching for Johnson City Cardinals : RHP Emmanuel Godfrey
|
|
Batting: RHB Xavier Williams
|
0-0: Called Strike 0-1: Ball 1-1: Ground out 5-3 (Groundball, 5, EV 88.1 MPH)
|
|
Batting: RHB Tom Gentry
|
0-0: Called Strike 0-1: Called Strike 0-2: Ground out 4-3 (Groundball, 4, EV 82.5 MPH)
|
|
Batting: LHB Georges Lambert
|
0-0: Called Strike 0-1: Swinging Strike 0-2: Strikes out looking
|
| Top of the 8th over - 0 runs, 0 hits, 0 errors, 0 left on base; Grand Junction 0 - Johnson City 2 |
| BOTTOM OF THE 8TH |
|
Johnson City Cardinals batting - Pitching for Grand Junction Rockies : RHP Julio Marquez
|
|
Pitching: RHP Diego Arredondo
|
|
|
Batting: RHB Arnold Schuler
|
0-0: Ball 1-0: Called Strike 1-1: Ball 2-1: Ball 3-1: Called Strike 3-2: TRIPLE (Flyball, 78XD, EV 110.0 MPH)
|
|
Batting: RHB Matt McGuire
|
0-0: Ball 1-0: Ball 2-0: Called Strike 2-1: Foul Ball, location: 2F 2-2: Ball 3-2: Ground out 4-3 (Groundball, 34, EV 109.4 MPH)
|
|
Batting: LHB Pete Mitchell
|
0-0: Ball 1-0: SINGLE (Groundball, 4M, EV 93.8 MPH) Arnold Schuler scores
|
|
Batting: RHB Diego Herrera
|
0-0: Ball 1-0: Ball 2-0: Fielders Choice at 2nd, 4-6 (Groundball, 34S, EV 84.4 MPH)
|
|
Batting: RHB Dan Wages
|
0-0: Ball 1-0: Ball 2-0: Foul Ball, location: 2F 2-1: Foul Ball, location: 2F 2-2: Ball 3-2: 2-RUN HOME RUN (Line Drive, 7LD, EV 96.9 MPH), Distance : 368 ft
|
|
Batting: SHB Felipe Campanella
|
0-0: Called Strike 0-1: Ball 1-1: DOUBLE (Groundball, 5L, EV 105.0 MPH)
|
|
Batting: RHB Seung-kab Park
|
0-0: Ball 1-0: Ground out 5-3 (Groundball, 56S, EV 74.4 MPH)
|
| Bottom of the 8th over - 3 runs, 4 hits, 0 errors, 1 left on base; Grand Junction 0 - Johnson City 5 |
| TOP OF THE 9TH |
|
Grand Junction Rockies batting - Pitching for Johnson City Cardinals : RHP Emmanuel Godfrey
|
|
Batting: SHB Justin Jackson
|
0-0: Called Strike 0-1: Ball 1-1: Ball 2-1: Swinging Strike 2-2: Foul Ball, location: 2F 2-2: Foul Ball, location: 2F 2-2: Foul Ball, location: 2F 2-2: Strikes out swinging
|
|
Batting: RHB Dan Hoffman
|
0-0: Called Strike 0-1: Foul Ball, location: 2F 0-2: Strikes out swinging
|
|
Batting: LHB Tom Bemis
|
0-0: Called Strike 0-1: Ball 1-1: Foul Ball, location: 2F 1-2: SINGLE (Line Drive, 8RS, EV 109.4 MPH)
|
|
Pitching: RHP Rich Sauceman
|
|
|
Batting: RHB Ryan Ward
|
0-0: Ground out 4-3 (Groundball, 13, EV 83.8 MPH)
|
| Top of the 9th over - 0 runs, 1 hit, 0 errors, 1 left on base; Grand Junction 0 - Johnson City 5 |
|